 Dungeon Crawl Stone Soup version 0.30-b1-5-g8e6c1be481 (webtiles) character file.

Game seed: 17856306168929637701

4515 Jase the Fighter (level 10, -16/94 HPs)
             Began as a Minotaur Fighter on May 3, 2023.
             Was a Priest of Makhleb.
             Demolished by a two-headed ogre
             ... wielding a +0 giant spiked club
              (25 damage)
             ... on level 9 of the Dungeon.
             The game lasted 00:16:48 (7494 turns).

Jase the Fighter (Minotaur Fighter)                 Turns: 7494, Time: 00:16:49

Health: -16/94     AC: 10    Str: 24    XL:     10   Next: 16%
Magic:  14/14      EV: 10    Int:  5    God:    Makhleb [***...]
Gold:   874        SH:  5    Dex: 14    Spells: 9/9 levels left

rFire   + . .        a - +6 great sword "Vuoxoigg" {freeze, Dex+3}
rCold   . . .        (shield currently unavailable)
rNeg    + . .        m - +1 scale mail
rPois   .            (helmet restricted)
rElec   .            x - +0 cloak of the Thunderstorm {+Blink rF+ Slay+2}
rCorr   .            (no gloves)
SInv    .            (no boots)
Will    .....        H - amulet of reflection Stlth
                     f - ring of positive energy
HPRegen 0.35/turn    (no ring)
MPRegen 0.14/turn

%: reflection
@: no status effects
A: horns 2, retaliatory headbutt
a: Renounce Religion, Evoke Blink, Minor Destruction, Lesser Servant of Makhleb


You were on level 9 of the Dungeon.
You worshipped Makhleb.
Makhleb was most pleased with you.
You visited 1 branch of the dungeon, and saw 9 of its levels.
You also visited: Sewer.

You collected 874 gold pieces.

Inventory:

Hand Weapons
 a - the +6 great sword "Vuoxoigg" (weapon) {freeze, Dex+3}
   (You found it on level 7 of the Dungeon)

   Dex:       It affects your dexterity (+3).
 b - the +2 sling of Discomfort {drain, Dex+6}
   (You found it on level 2 of the Dungeon)

   Dex:       It affects your dexterity (+6).
Missiles
 B - 6 boomerangs of dispersal
 C - 20 poisoned darts
 E - a curare-tipped dart
Armour
 m - a +1 scale mail (worn)
 x - the +0 cloak of the Thunderstorm (worn) {+Blink rF+ Slay+2}
   (You found it on level 5 of the Dungeon)

   Slay:      It affects your accuracy & damage with ranged weapons and melee
   (+2).
   rF:        It protects you from fire.
   +Blink:    It lets you blink.
Jewellery
 f - a ring of positive energy (left hand)
 H - an amulet of reflection (around neck)
Wands
 u - a wand of charming (8)
 J - a wand of flame (15)
 K - a wand of mindburst (13)
 L - a wand of roots (10)
Scrolls
 c - 2 scrolls of blinking {unknown}
 e - 2 scrolls of fog {unknown}
 h - 3 scrolls of noise {unknown}
 j - 2 scrolls of teleportation {unknown}
 o - a scroll of silence {unknown}
 p - a scroll of summoning {unknown}
 t - 3 scrolls of magic mapping {unknown}
 w - a scroll of enchant weapon {unknown}
 y - 3 scrolls of enchant armour
 D - a scroll of torment {unknown}
 G - a scroll of identify
 I - 2 scrolls of vulnerability {unknown}
 N - a scroll of poison {unknown}
Potions
 d - 2 potions of might
 g - a potion of haste
 i - a potion of mutation
 k - 3 potions of resistance
 l - 3 potions of attraction
 n - 2 potions of magic {unknown}
 q - 2 potions of flight {unknown}
 r - a potion of cancellation {unknown}
 s - 3 potions of curing {unknown}
 v - a potion of ambrosia {unknown}
 z - 3 potions of berserk rage
 A - a potion of invisibility {unknown}
 F - 2 potions of lignification {unknown}
 M - a potion of brilliance {unknown}


   Skills:
 + Level 10.6 Fighting
 + Level 5.4 Long Blades
 - Level 7.1 Axes
 + Level 9.4 Armour
 - Level 3.6 Shields
 + Level 6.7 Invocations


You had 9 spell levels left.
You didn't know any spells.
Your spell library contained the following spells:

 Spells                   Type           Power      Damage    Failure   Level
 Malign Gateway           Summ/Tloc      0%         N/A       100%        7
 Summon Horrible Things   Summ           0%         N/A       100%        8
 Chain Lightning          Conj/Air       0%         N/A       100%        9
 Fire Storm               Conj/Fire      0%         5d1       100%        9
 Shatter                  Erth           0%         3d5*      100%        9


Dungeon Overview and Level Annotations

Branches:
Dungeon (9/15)             Temple (0/1) D:4           Sewer (visited)
   Lair: D:8-11         Orc: D:9-12

Altars:
Cheibriados
Dithmenos
Hepliaklqana
Makhleb
Nemelex Xobeh
Okawaru
Uskayaw

Shops:
D:3 *   D:6 =

Annotations:
D:5 11 exclusions


Innate Abilities, Weirdness & Mutations

You have a pair of horns on your head.
You reflexively headbutt those who attack you in melee.


Message History

The killer bee closely misses you.
The killer bee stings you but does no damage. x2
You miss the killer bee.
The killer bee is lightly wounded.
The killer bee stings you but does no damage.
The killer bee stings you. The killer bee barely misses you.
You furiously retaliate!
You headbutt the killer bee! You closely miss the killer bee.
Your headbutt misses the killer bee.
The killer bee is severely wounded.
The killer bee stings you.
The killer bee stings you but does no damage.
The killer bee stings you.
You closely miss the killer bee. You headbutt the killer bee.
You kill the killer bee!
Makhleb accepts your kill.
You start resting.
HP restored.
Found a stone staircase leading down.
Found a war axe.
Found a hand axe.
You now have 874 gold pieces (gained 7).
Found a mace.
An orc and a two-headed ogre come into view.
The orc shouts!
The two-headed ogre shouts in stereo!
An orc comes into view. It is wielding a +0 dagger.
The two-headed ogre moves out of view.
The two-headed ogre hits you with a +0 giant spiked club!!
The two-headed ogre hits you but does no damage.
You hit the two-headed ogre. You freeze the two-headed ogre.
You headbutt the two-headed ogre!
The two-headed ogre is moderately wounded.
You block the two-headed ogre's attack.
The two-headed ogre hits you with a +0 giant spiked club!!
You are too injured to fight recklessly!
You slash the two-headed ogre! You freeze the two-headed ogre.
The two-headed ogre is severely wounded.
The two-headed ogre hits you with a +0 giant spiked club!!
* * * LOW HITPOINT WARNING * * *
The two-headed ogre hits you with a +0 giant spiked club!!
You die...

..# # #)#####.....
#)###.##.. ....
#...>.##.# ...
##.##..##.# ...
#.........# #.#
#.........####)#
#.###.#.#...##.####..o
# #.#.###.@Oo...$...
#.#.# ####......#.
#.#.##########.#..
#.#.#... # ##...#.#
#......#####
#.####..†..# #.
#.###..# #. #.# ...


You could see a two-headed ogre and an orc.

Vanquished Creatures
  A wyvern (D:9)
  4 yaks (D:8)
  3 water moccasins
  Pargi (Sewer)
  2 black bears
  2 ice beasts (D:5)
  4 centaurs
  2 ogres
  7 bullfrogs
  A gnoll sergeant (D:7)
  3 kobold brigands
  5 scorpions
  5 wights (D:7)
  9 killer bees
  2 howler monkeys (D:7)
  4 hounds
  3 jellies
  A sleepcap (D:4)
  A gnoll bouda (D:7)
  5 iguanas
  Terence (D:2)
  An orc wizard (D:6)
  21 gnolls
  4 adders
  2 shadow imps (D:7)
  A white imp (D:6)
  3 ufetubi
  2 worms
  2 dart slugs (D:4)
  10 orcs
  5 endoplasms
  4 giant cockroaches
  8 goblins
  5 hobgoblins
  2 jackals (D:4)
  11 kobolds
  7 quokkas
  7 ball pythons
  14 bats
  4 frilled lizards
  7 rats
186 creatures vanquished.

Notes
Turn   | Place    | Note
-------+----------+-------------------------------------------
     0 | D:1      | Jase the Minotaur Fighter began the quest for the Orb.
     0 | D:1      | Reached XP level 1. HP: 19/19 MP: 0/0
   395 | D:1      | Reached XP level 2. HP: 27/27 MP: 1/1
   407 | D:1      | Found a faded altar of an unknown god.
   501 | D:1      | Reached skill level 4 in Fighting
  1104 | D:2      | Reached XP level 3. HP: 32/34 MP: 2/2
  1165 | D:2      | Noticed Terence
  1174 | D:2      | Killed Terence
  1269 | D:2      | Reached XP level 4. HP: 38/41 MP: 3/3
  1466 | D:2      | Reached skill level 5 in Fighting
  1520 | D:2      | Identified the +2 sling of Discomfort {drain, Dex+6}
  2021 | D:3      | Found a burning altar of Makhleb.
  2029 | D:3      | Became a worshipper of Makhleb the Destroyer
  2170 | D:3      | Reached XP level 5. HP: 17/48 MP: 4/4
  2289 | D:3      | Found Biudgh's Assorted Antiques.
  2299 | D:3      | Reached skill level 1 in Invocations
  2362 | D:3      | Found a hazy altar of Hepliaklqana.
  2562 | D:4      | Found a shadowy altar of Dithmenos.
  2566 | D:4      | Reached skill level 6 in Fighting
  2566 | D:4      | Reached skill level 5 in Armour
  2585 | D:4      | Reached XP level 6. HP: 55/57 MP: 6/6
  2788 | D:4      | Reached * piety under Makhleb
  2795 | D:4      | Found an iron altar of Okawaru.
  2974 | D:4      | Found a staircase to the Ecumenical Temple.
  3023 | D:4      | Found a snail-covered altar of Cheibriados.
  3050 | D:4      | Noticed a +0 dagger
  3050 | D:4      | Noticed a +0 short sword
  3052 | D:4      | Noticed a +0 dagger
  3053 | D:4      | Noticed a +0 falchion
  3061 | D:4      | Found a hide-covered altar of Uskayaw.
  3061 | D:4      | Noticed a +0 spear
  3062 | D:4      | Noticed a +0 falchion
  3064 | D:4      | Noticed a +0 spear
  3066 | D:4      | Noticed a +0 short sword
  3212 | D:5      | Entered Level 5 of the Dungeon
  3235 | D:5      | Reached XP level 7. HP: 61/64 MP: 7/7
  3263 | D:5      | Reached skill level 7 in Fighting
  3263 | D:5      | Reached skill level 5 in Axes
  3370 | D:5      | Identified the +0 cloak of the Thunderstorm {+Blink rF+
                  | Slay+2}
  3549 | D:5      | Found a glowing drain.
  3567 | Sewer    | Entered a sewer
  3594 | Sewer    | Noticed Pargi
  3603 | Sewer    | Killed Pargi
  3691 | D:5      | Reached skill level 8 in Fighting
  3691 | D:5      | Reached XP level 8. HP: 73/74 MP: 9/9
  3855 | D:5      | Reached ** piety under Makhleb
  4522 | D:6      | Found a sparkling altar of Nemelex Xobeh.
  4647 | D:6      | Found Kudytig's Jewellery Emporium.
  5366 | D:7      | Reached skill level 9 in Fighting
  5380 | D:7      | Identified the +6 great sword "Vuoxoigg" {freeze, Dex+3}
  5389 | D:7      | Reached XP level 9. HP: 57/83 MP: 11/11
  5808 | D:7      | Reached skill level 1 in Long Blades
  5808 | D:7      | Reached skill level 5 in Invocations
  6001 | D:7      | Reached *** piety under Makhleb
  6089 | D:7      | Found the +5 robe of Night {Dark Will+ SInv}
  6620 | D:8      | Reached skill level 10 in Fighting
  7132 | D:8      | Reached XP level 10. HP: 94/94 MP: 13/13
  7135 | D:8      | Reached skill level 5 in Long Blades
  7485 | D:9      | Noticed a two-headed ogre
  7494 | D:9      | Demolished by a two-headed ogre

Illustrated notes

Levels and vault maps discovered:
D:1:      dpeg_arrival_rooms_b, layout_loops_corners, basic_ecumenical_altar,
          wad_floor_pattern_1
D:2:      layout_loops_cross, uniq_terence
D:3:      layout_basic, mainiacjoe_overflow_six_doors_small,
          mainiacjoe_overflow_tiny_flanked, serial_shops,
          nicolae_shop_rolling_square, hangedman_decor_points,
          minmay_misc_feat_hallway
D:4:      layout_rooms, okawaru_altar_gauntlet_db,
          grunt_dithmenos_smoke_and_mirrors, nicolae_uskayaw_en_pointe,
          kennysheep_slug_shrine, minmay_temple_entry_poolview, minivault_25
D:5:      layout_basic, serial_glass, glass_columns_c, glass_columns_a,
          portal_sewer_entry_a, kennysheep_minor_cross
D:6:      layout_loops_ring, nemelex_spade_bored_becter, serial_shops,
          nicolae_shop_tiny_glass
D:7:      minmay_polygon_palace, layout_basic
D:8:      layout_basic, minmay_quadrilaterals
D:9:      layout_basic

Skill      XL: |  1  2  3  4  5  6  7  8  9 10 |
---------------+-------------------------------+-----
Axes           | 3 4 5 7 |  7.1
Fighting       | 4 5 6 8 9 10 | 10.6
Armour         | 4 5 6 7 9 |  9.4
Invocations    | 1 2 3 4 6 |  6.7
Long Blades    | 4 5 |  5.4
Shields        | |  3.6

Action                     |  1- 3 |  4- 6 |  7- 9 | 10-12 || total
---------------------------+-------+-------+-------+-------++-------
  Melee: War axe           |    67 |   105 |   104 |       ||   276
         Headbutt          |     6 |    20 |    28 |     3 ||    57
         Punch             |       |     2 |     1 |       ||     3
         Great sword       |       |       |   103 |    24 ||   127
   Fire: Sling             |       |       |    15 |       ||    15
 Invoke: Minor Destruction |       |       |     6 |       ||     6
    Use: Scroll            |       |     4 |     1 |       ||     5
 Armour: Scale mail        |    27 |    53 |   105 |    11 ||   196
  Dodge: Dodged            |    33 |    86 |   130 |    20 ||   269
  Block: Other             |       |       |    27 |     6 ||    33
         Reflection        |       |       |     2 |       ||     2
